 Dungeon Sprint DCSS version 0.31.0-11-ge490571c62 (webtiles) character file.

Game seed: 5210710863665182299

4695 Amaterasu the Bludgeoner (level 10, 0/104 HPs)
             Began as a Troll Warper on Jan 28, 2024.
             Was a High Priest of Vehumet.
             Slain by a black mamba (7 damage)
             ... in the Dungeon (Sprint IX: "|||||||||||||||||||||||||||||").
             The game lasted 00:05:13 (601 turns).

Amaterasu the Bludgeoner (Troll Warper)              Turns: 601, Time: 00:05:14

Health: 0/104      AC:  6    Str: 25    XL:     10   Next: 21%
Magic:  0/18       EV: 11    Int:  9    God:    Vehumet [*****.]
Gold:   0          SH:  4    Dex:  9    Spells: 17/21 levels left

rFire   . . .        f - +4 giant spiked club
rCold   . . .        (shield currently unavailable)
rNeg    . . .        g - +0 troll leather armour
rPois   .            (helmet restricted)
rElec   .            n - +0 cloak
rCorr   .            (gloves unavailable)
SInv    .            (boots unavailable)
Will    .....        (no amulet)
Stlth   +            (no ring)
HPRegen 1.97/turn    (no ring)
MPRegen 0.16/turn

%: no teleportation, clarity
@: no status effects
A: large, unfitting armour, claws 3, regeneration 1, shaggy fur 1, tough skin 1,
talons 1, large bone plates 1, clarity
a: Renounce Religion


You were in the Dungeon.
You worshipped Vehumet.
Vehumet was extremely pleased with you.
You visited 1 branch

Inventory:

Hand Weapons
 a - a +0 mace
 f - a +4 giant spiked club (weapon)
 i - a +0 giant club
 m - a +2 dire flail of protection
Missiles
 d - 7 darts of dispersal (quivered)
Armour
 b - a +0 robe
 g - a +0 troll leather armour (worn)
 n - a +0 cloak (worn)
Jewellery
 o - a +3 ring of intelligence
 p - a +3 ring of intelligence
Wands
 l - a wand of iceblast (10)
Scrolls
 c - 6 scrolls of blinking
 k - 2 scrolls of amnesia
 w - 2 scrolls of enchant armour
 x - a scroll of identify
Potions
 e - 4 potions of curing
 h - 2 potions of magic
 j - a potion of brilliance
 q - a potion of berserk rage
 r - a potion of might
 s - a potion of mutation
 t - a potion of haste
Miscellaneous
 u - a condenser vane


   Skills:
 - Level 8.0 Fighting
 + Level 15.0 Maces & Flails
 - Level 0.8 Throwing
 - Level 6.0 Dodging
 - Level 6.0 Spellcasting
 * Level 8.8 Translocations


You had 17 spell levels left.
You knew the following spells:

 Your Spells              Type           Power      Damage    Failure   Level
a - Manifold Assault      Tloc           18%        N/A       7%          4

Your spell library contained the following spells:

 Spells                   Type           Power      Damage    Failure   Level
 Mephitic Cloud           Conj/Alch/Air  2%         N/A       19%         3
 Blink                    Tloc           36%        N/A       1%          2
 Lesser Beckoning         Tloc           36%        N/A       1%          2
 Teleport Other           Tloc           18%        N/A       1%          3
 Vhi's Electric Charge    Tloc/Air       20%        N/A       38%         4


Dungeon Overview and Level Annotations

Branches:
Dungeon (1/1)

Altars:
Cheibriados
Dithmenos
Elyvilon
Fedhas
Gozag
Hepliaklqana
Kikubaaqudgha
Makhleb
Nemelex Xobeh
Okawaru
Qazlal
Ru
Sif Muna
Trog
Uskayaw
Vehumet
Wu Jian
Xom
Yredelemnul
Zin
The Shining One
Jiyva
Lugonu


Innate Abilities, Weirdness & Mutations

You are too large for most types of armour.
You have claws for hands.
Your natural rate of healing is unusually fast.
You are covered in fur. (AC +1)
You have tough skin. (AC +1)
You have sharp toenails.
You are partially covered in large bone plates. (SH +4)
You possess an exceptional clarity of mind.


Message History

The lindwurm bites you! The lindwurm claws you.
The lindwurm claws you but does no damage.
You puncture the lindwurm! Your kick misses the lindwurm.
The lindwurm is almost dead.
The lindwurm bites you! The lindwurm barely misses you. x2
You hit the lindwurm.
The lindwurm is almost dead.
You block the lindwurm's attack.
The lindwurm claws you but does no damage. x2
You puncture the lindwurm!
The lindwurm is almost dead.
You block the blink frog's attack. The lindwurm completely misses you.
The lindwurm closely misses you. The lindwurm claws you.
The blink frog closely misses you.
You closely miss the blink frog. Your kick misses the blink frog.
The lindwurm bites you! You block the lindwurm's attack.
The lindwurm claws you but does no damage.
The blink frog hits you!
* * * LOW HITPOINT WARNING * * *
You barely miss the lindwurm. Your kick misses the lindwurm.
The lindwurm is almost dead.
The blink frog blinks!
The lindwurm bites you!
* * * LOW HITPOINT WARNING * * *
The lindwurm claws you!
* * * LOW HITPOINT WARNING * * *
The lindwurm completely misses you.
The blink frog blinks!
You bludgeon the lindwurm!!
You kill the lindwurm!
Vehumet accepts your kill.
A water moccasin comes into view.
Your Maces & Flails skill increases to level 15!
Casting: Manifold Assault (dangerous; 7% risk of failure)
Confirm with . or Enter, or press ? or * to list all spells.
Space momentarily warps into an impossible shape!
The water moccasin hisses angrily.
You hit the lindwurm but do no damage. You bludgeon the blink frog!!
The black mamba bites you!
* * * LOW HITPOINT WARNING * * *
The blink frog blinks!
The black mamba bites you!
You die...

▓▓▓▓▓▓▓▓▓▓▓▓▓▓▓▓▓▓▓▓▓▓▓▓
SDk.FFS@§.§..†..†.......
▓▓▓▓▓▓▓▓▓▓▓▓▓▓▓▓▓▓▓▓▓▓▓▓▓▓▓▓▓▓▓▓▓
.................................
▓▓▓▓▓▓▓▓▓▓▓▓▓▓▓▓▓▓▓▓▓▓▓▓▓▓▓▓▓▓▓▓▓
..)..'________________________'..
▓▓▓▓▓▓▓▓▓▓▓▓▓▓▓▓▓▓▓▓▓▓▓▓▓▓▓▓▓▓▓▓▓


You could see a skyshark, a five-headed hydra, a lindwurm, a black mamba, a cane
toad and a water moccasin.

Vanquished Creatures
  A centaur warrior (D)
  A two-headed ogre (D)
  A lindwurm (D)
  A cyclops (D)
  A black mamba (D)
  A cane toad (D)
  A troll (D)
  A blink frog (D)
  A wraith (D)
  5 yaks (D)
  2 vampire mosquitoes (D)
  A water moccasin (D)
  2 centaurs (D)
  An ogre (D)
  A wolf (D)
  A bullfrog (D)
  A hound (D)
  An adder (D)
  A dart slug (D)
  2 orcs (D)
  A bat (D)
  A hobgoblin (D)
  A quokka (D)
  A rat (D)
31 creatures vanquished.

Vanquished Creatures (others)
  A cyclops (D)
1 creature vanquished.

Grand Total: 32 creatures vanquished

Notes
Turn   | Place    | Note
-------+----------+-------------------------------------------
     0 | D        | Amaterasu the Troll Warper began the quest for the Orb.
     0 | D        | Reached XP level 1. HP: 19/19 MP: 1/1
     9 | D        | Reached skill level 2 in Maces & Flails
    28 | D        | Reached skill level 3 in Maces & Flails
    34 | D        | Noticed an ogre
    34 | D        | Noticed a hound
    41 | D        | Killed a hound
    42 | D        | Reached skill level 4 in Maces & Flails
    42 | D        | Reached XP level 2. HP: 32/32 MP: 2/2
    42 | D        | Reached XP level 3. HP: 39/39 MP: 3/3
    47 | D        | Killed an ogre
    48 | D        | Reached skill level 7 in Maces & Flails
    48 | D        | Reached XP level 4. HP: 49/49 MP: 4/4
    49 | D        | Reached skill level 5 in Fighting
    58 | D        | Found a snail-covered altar of Cheibriados.
    58 | D        | Found a shadowy altar of Dithmenos.
    58 | D        | Found a white marble altar of Elyvilon.
    58 | D        | Found a blossoming altar of Fedhas.
    58 | D        | Found an opulent altar of Gozag.
    59 | D        | Found a hazy altar of Hepliaklqana.
    60 | D        | Found a viscous altar of Jiyva.
    61 | D        | Found an ancient bone altar of Kikubaaqudgha.
    62 | D        | Found a corrupted altar of Lugonu.
    63 | D        | Found a burning altar of Makhleb.
    64 | D        | Found a sparkling altar of Nemelex Xobeh.
    65 | D        | Found an iron altar of Okawaru.
    66 | D        | Found a stormy altar of Qazlal.
    67 | D        | Found a sacrificial altar of Ru.
    68 | D        | Found a shimmering blue altar of Sif Muna.
    69 | D        | Found a bloodstained altar of Trog.
    70 | D        | Found a hide-covered altar of Uskayaw.
    71 | D        | Found a radiant altar of Vehumet.
    72 | D        | Found an ornate altar of the Wu Jian Council.
    73 | D        | Found a shimmering altar of Xom.
    74 | D        | Found a basalt altar of Yredelemnul.
    75 | D        | Found a glowing silver altar of Zin.
    76 | D        | Found a glowing golden altar of the Shining One.
    79 | D        | Became a worshipper of Vehumet
   114 | D        | Learned a level 4 spell: Manifold Assault
   114 | D        | Noticed a troll
   114 | D        | Noticed a yak
   114 | D        | Noticed a vampire mosquito
   114 | D        | Noticed a centaur
   114 | D        | Noticed a centaur
   114 | D        | Noticed a yak
   125 | D        | Killed a yak
   126 | D        | Reached skill level 9 in Maces & Flails
   126 | D        | Reached XP level 5. HP: 43/59 MP: 5/5
   126 | D        | Reached XP level 6. HP: 49/67 MP: 6/6
   130 | D        | Reached skill level 10 in Maces & Flails
   132 | D        | Reached * piety under Vehumet
   132 | D        | Offered knowledge of Foxfire by Vehumet.
   133 | D        | Reached skill level 11 in Maces & Flails
   147 | D        | Killed a vampire mosquito
   148 | D        | Reached XP level 7. HP: 31/78 MP: 6/8
   159 | D        | Killed a yak
   164 | D        | Killed a troll
   164 | D        | Reached ** piety under Vehumet
   165 | D        | Reached skill level 5 in Dodging
   165 | D        | Reached skill level 5 in Translocations
   219 | D        | Noticed a wraith
   219 | D        | Noticed a two-headed ogre
   219 | D        | Noticed a cyclops
   219 | D        | Noticed a centaur warrior
   219 | D        | Noticed a vampire mosquito
   219 | D        | Noticed a cyclops
   223 | D        | Killed a cyclops
   238 | D        | Killed a centaur warrior
   239 | D        | Reached XP level 8. HP: 65/87 MP: 10/13
   256 | D        | Killed a cyclops
   258 | D        | HP: 1/87 [two-headed ogre/+0 giant club (9)]
   317 | D        | Killed a two-headed ogre
   317 | D        | Offered knowledge of Sting by Vehumet.
   318 | D        | Reached skill level 12 in Maces & Flails
   318 | D        | Reached XP level 9. HP: 42/94 MP: 17/17
   322 | D        | Reached *** piety under Vehumet
   327 | D        | Reached skill level 13 in Maces & Flails
   491 | D        | Gained mutation: You possess an exceptional clarity of
                  | mind. [potion of mutation]
   491 | D        | Gained mutation: You have sharp toenails. [potion of
                  | mutation]
   491 | D        | Gained mutation: You are partially covered in large bone
                  | plates. (SH +4) [potion of mutation]
   497 | D        | Noticed a black mamba
   499 | D        | Offered knowledge of Mephitic Cloud by Vehumet.
   502 | D        | Reached **** piety under Vehumet
   502 | D        | Noticed a cane toad
   514 | D        | Killed a black mamba
   514 | D        | Reached ***** piety under Vehumet
   515 | D        | Reached skill level 14 in Maces & Flails
   520 | D        | Killed a cane toad
   521 | D        | Reached XP level 10. HP: 35/104 MP: 5/18
   587 | D        | Noticed a lindwurm
   587 | D        | Noticed a skyshark
   587 | D        | Noticed a cane toad
   587 | D        | Noticed a black mamba
   587 | D        | Noticed a lindwurm
   588 | D        | Noticed a five-headed hydra
   600 | D        | Killed a lindwurm
   601 | D        | Reached skill level 15 in Maces & Flails
   601 | D        | Slain by a black mamba

Illustrated notes

Levels and vault maps discovered:
D:        linesprint [early_d, line_temple, items_1, d_10, items_2, lair_1,
          lair_end, items_3, orc_1, orc_end, items_4, d_15, swamp_1, shoals_1,
          snake_1, spider_1, d_20, vaults_1, items_5, swamp_end, shoals_end,
          snake_end, spider_end, vaults_end, d_27, items_6, zot_1, zot_end,
          crypt_end, forest_end, elf_end, slime_end, tomb_end, abyss_end,
          pan_hell_end]

Skill      XL: |  1  2  3  4  5  6  7  8  9 10 |
---------------+-------------------------------+-----
Fighting       | 3 4 6 7 8 |  8.0
Maces & Flails | 4 7 9 11 12 14 15 | 15.0
Dodging        | 3 6 |  6.0
Translocations | 3 7 8 |  8.8
Spellcasting   | 4 6 |  6.0
Throwing       | |  0.8

Action                     |  1- 3 |  4- 6 |  7- 9 | 10-12 || total
---------------------------+-------+-------+-------+-------++-------
  Melee: Mace              |    35 |     4 |       |       ||    39
         Dire flail        |       |    31 |    67 |       ||    98
         Giant spiked club |       |       |    31 |    23 ||    54
         Kick              |       |       |     1 |       ||     1
   Cast: Manifold Assault  |       |       |    11 |     5 ||    16
    Use: Potion            |     1 |     1 |     9 |       ||    11
         Scroll            |       |       |     4 |       ||     4
   Stab: Invisible         |       |       |     3 |       ||     3
 Armour: Robe              |    24 |    24 |     9 |       ||    57
         Troll leather arm |       |       |    63 |    21 ||    84
  Dodge: Dodged            |    18 |     6 |    31 |    13 ||    68
  Block: Other             |       |       |     5 |     6 ||    11
